General information
- name: BNet
- type: Ladder team game (AT/RT)
- host: Battle.net
- saver: iNT]DOGANDHORSE
map: Friends
- players: 8
- length: 32:55
- speed: Fast
- version: 1.21 W3XP
- replay type:

» download(264 KB)
Players
team 1 (winner)
AlasPoorYorick (
pink | 105 APM | 3456 actions | 32:54)
6 Goblin Tinker
3 Pocket Factory
2 Engineering Upgrade
1 Robo-Goblin
5 Goblin Alchemist
3 Chemical Rage
2 Acid Bomb
4 Beastmaster
2 Summon Quilbeast
2 Summon Bear
» actions
| Assign group hotkey | 35 | |
| Basic commands | 177 | |
| Build / train | 101 | |
| ESC pressed | 4 | |
| Enter build submenu | 41 | |
| Enter hero's abilities submenu | 17 | |
| Give item / drop item | 6 | |
| Remove unit from queue | 5 | |
| Right click | 1573 | |
| Select / deselect | 670 | |
| Select group hotkey | 588 | |
| Use ability | 239 | |
3456 total
» units
» upgrades
| Ranged Weapons | 3 | |
| Armor | 3 | |
| Liquid Fire | 1 | |
| Reinforced Defenses | 1 | |
| Spiked Barricades | 2 | |
10 total
» buildings
| Altar of Storms | 1 | |
| Orc Burrow | 7 | |
| War Mill | 2 | |
| Watch Tower | 27 | |
| Voodoo Lounge | 1 | |
| Stronghold | 1 | |
| Beastiary | 2 | |
| Great Hall | 1 | |
| Fortress | 1 | |
43 total
» build order
00:10 Altar of Storms
00:22 Orc Burrow
00:41 War Mill
01:44 Orc Burrow
01:52 War Mill
02:22 Watch Tower
02:50 Voodoo Lounge
03:32 Watch Tower
04:23 Watch Tower
04:24 Stronghold
04:33 Orc Burrow
04:40 Watch Tower
05:21 Orc Burrow
05:53 Watch Tower
06:04 Watch Tower
06:06 Watch Tower
06:52 Beastiary
06:55 Orc Burrow
06:58 Beastiary
07:23 Watch Tower
07:33 Watch Tower
07:56 Watch Tower
08:09 Watch Tower
08:50 Watch Tower
10:09 Watch Tower
10:13 Watch Tower
11:10 Great Hall
11:13 Watch Tower
11:35 Orc Burrow
12:19 Watch Tower
12:34 Watch Tower
12:49 Orc Burrow
12:59 Fortress
13:24 Watch Tower
13:39 Watch Tower
14:46 Watch Tower
14:49 Watch Tower
16:02 Watch Tower
17:16 Watch Tower
18:21 Watch Tower
20:04 Watch Tower
21:23 Watch Tower
24:06 Watch Tower
» items
| Lesser Clarity Potion | 2 | |
| Scroll of Speed | 3 | |
| Healing Salve | 5 | |
| Orb of Fire | 2 | |
| Runed Bracers | 1 | |
| Scourge Bone Chimes | 1 | |
| Inferno Stone | 2 | |
| Robe of the Magi +6 | 1 | |
| Scroll of Town Portal | 1 | |
| Belt of Giant Strength +6 | 1 | |
| Sobi Mask | 1 | |
| Alleria's Flute of Accuracy | 1 | |
| Boots of Quel'Thalas +6 | 1 | |
| The Lion Horn of Stormwind | 1 | |
23 total
iNT]DOGANDHORSE (
orange | 95 APM | 3123 actions | 32:55)
5 Pandaren Brewmaster
3 Breath of Fire
2 Drunken Haze
5 Pit Lord
3 Rain of Fire
2 Cleaving Attack
» actions
| Assign group hotkey | 21 | |
| Build / train | 83 | |
| Enter build submenu | 24 | |
| Enter hero's abilities submenu | 11 | |
| Give item / drop item | 11 | |
| Remove unit from queue | 3 | |
| Right click | 1769 | |
| Select / deselect | 360 | |
| Select group hotkey | 711 | |
| Use ability | 130 | |
3123 total
» units
» upgrades
| Nature's Blessing | 1 | |
| Strength of the Wild | 3 | |
| Well Spring | 1 | |
| Ultravision | 1 | |
| Corrosive Breath | 1 | |
| Reinforced Hides | 3 | |
10 total
» buildings
| Altar of Elders | 1 | |
| Moon Well | 8 | |
| Tree of Ages | 2 | |
| Tree of Life | 1 | |
| Ancient of Wind | 1 | |
| Hunter's Hall | 1 | |
| Ancient Protector | 8 | |
| Tree of Eternity | 1 | |
| Chimaera Roost | 2 | |
| Ancient of Wonders | 1 | |
26 total
» build order
00:07 Altar of Elders
00:19 Moon Well
00:41 Moon Well
03:59 Tree of Ages
06:05 Tree of Life
07:05 Ancient of Wind
07:17 Hunter's Hall
07:31 Moon Well
07:33 Moon Well
08:21 Ancient Protector
08:22 Ancient Protector
08:23 Ancient Protector
08:47 Ancient Protector
11:08 Tree of Eternity
13:28 Ancient Protector
13:29 Ancient Protector
13:30 Ancient Protector
13:31 Ancient Protector
14:44 Chimaera Roost
14:46 Chimaera Roost
17:59 Ancient of Wonders
28:41 Tree of Ages
29:52 Moon Well
29:53 Moon Well
29:53 Moon Well
29:54 Moon Well
» items
| Healing Salve | 5 | |
| Lesser Clarity Potion | 3 | |
| Inferno Stone | 1 | |
| Staff of Sanctuary | 1 | |
| Scroll of Town Portal | 5 | |
| Orb of Venom | 2 | |
| Dust of Appearance | 1 | |
| Orb of Lightning | 1 | |
| Staff of Preservation | 1 | |
20 total
nutsonYOchin.de (
green | 81 APM | 2668 actions | 32:54)
4 Keeper of the Grove
2 Entangling Roots
2 Thorns Aura
3 Demon Hunter
2 Mana Burn
1 Evasion
» actions
| Assign group hotkey | 2 | |
| Basic commands | 39 | |
| Build / train | 188 | |
| ESC pressed | 4 | |
| Enter build submenu | 152 | |
| Enter hero's abilities submenu | 7 | |
| Give item / drop item | 2 | |
| Right click | 1196 | |
| Select / deselect | 414 | |
| Select group hotkey | 378 | |
| Use ability | 286 | |
2668 total
» units
» upgrades
| Nature's Blessing | 1 | |
| Ultravision | 1 | |
| Well Spring | 1 | |
3 total
» buildings
| Altar of Elders | 1 | |
| Moon Well | 7 | |
| Hunter's Hall | 1 | |
| Ancient of War | 3 | |
| Ancient Protector | 130 | |
| Tree of Life | 3 | |
| Tree of Ages | 1 | |
| Ancient of Wonders | 1 | |
| Tree of Eternity | 1 | |
148 total
» build order
00:09 Altar of Elders
00:17 Moon Well
01:12 Hunter's Hall
01:33 Moon Well
01:55 Ancient of War
02:09 Ancient of War
02:25 Ancient Protector
02:30 Ancient Protector
03:06 Ancient Protector
03:07 Ancient Protector
03:16 Tree of Life
03:46 Ancient Protector
03:48 Ancient Protector
03:53 Ancient of War
03:57 Ancient Protector
03:58 Ancient Protector
04:35 Ancient Protector
04:38 Ancient Protector
05:12 Tree of Ages
05:25 Ancient Protector
05:26 Ancient Protector
06:06 Ancient Protector
07:06 Ancient Protector
07:35 Ancient Protector
07:36 Ancient Protector
08:01 Ancient Protector
08:19 Ancient Protector
08:20 Ancient Protector
08:23 Ancient Protector
08:34 Ancient Protector
08:57 Ancient Protector
10:02 Ancient Protector
10:11 Ancient Protector
10:12 Ancient Protector
10:16 Ancient Protector
10:55 Ancient Protector
11:26 Ancient Protector
11:27 Ancient Protector
11:28 Ancient Protector
12:02 Ancient Protector
12:07 Ancient Protector
12:18 Ancient Protector
12:19 Ancient Protector
12:29 Ancient Protector
12:30 Ancient Protector
12:48 Ancient Protector
13:03 Ancient Protector
16:42 Tree of Life
16:59 Ancient Protector
17:00 Ancient Protector
17:01 Ancient Protector
17:02 Ancient Protector
17:26 Ancient of Wonders
17:48 Ancient Protector
17:49 Ancient Protector
17:58 Ancient Protector
18:21 Ancient Protector
18:24 Ancient Protector
18:47 Ancient Protector
18:48 Ancient Protector
19:22 Ancient Protector
19:33 Ancient Protector
20:04 Ancient Protector
20:05 Ancient Protector
20:06 Ancient Protector
20:13 Ancient Protector
21:59 Tree of Eternity
23:21 Ancient Protector
23:22 Ancient Protector
23:24 Ancient Protector
23:25 Ancient Protector
24:13 Ancient Protector
24:13 Ancient Protector
24:30 Ancient Protector
24:34 Ancient Protector
24:53 Ancient Protector
24:54 Ancient Protector
25:22 Ancient Protector
25:26 Ancient Protector
25:27 Ancient Protector
25:43 Ancient Protector
25:44 Ancient Protector
25:52 Ancient Protector
26:01 Ancient Protector
26:24 Ancient Protector
26:25 Ancient Protector
26:57 Tree of Life
27:20 Ancient Protector
27:20 Ancient Protector
27:21 Ancient Protector
27:22 Ancient Protector
27:23 Ancient Protector
27:24 Ancient Protector
27:26 Ancient Protector
27:41 Ancient Protector
27:42 Ancient Protector
27:43 Ancient Protector
27:44 Ancient Protector
27:45 Ancient Protector
27:47 Ancient Protector
27:51 Ancient Protector
28:00 Ancient Protector
28:29 Ancient Protector
28:30 Ancient Protector
28:56 Ancient Protector
29:09 Ancient Protector
29:10 Ancient Protector
29:13 Ancient Protector
29:47 Moon Well
29:49 Moon Well
29:50 Moon Well
29:55 Moon Well
29:57 Moon Well
30:09 Ancient Protector
30:10 Ancient Protector
30:12 Ancient Protector
30:12 Ancient Protector
30:19 Ancient Protector
30:24 Ancient Protector
30:37 Ancient Protector
30:50 Ancient Protector
30:53 Ancient Protector
31:02 Ancient Protector
31:03 Ancient Protector
31:04 Ancient Protector
31:15 Ancient Protector
31:17 Ancient Protector
31:24 Ancient Protector
31:28 Ancient Protector
31:39 Ancient Protector
31:41 Ancient Protector
31:42 Ancient Protector
32:03 Ancient Protector
32:04 Ancient Protector
32:05 Ancient Protector
32:10 Ancient Protector
32:18 Ancient Protector
32:19 Ancient Protector
32:20 Ancient Protector
32:27 Ancient Protector
32:33 Ancient Protector
32:34 Ancient Protector
32:37 Ancient Protector
32:38 Ancient Protector
32:46 Ancient Protector
32:51 Ancient Protector
32:52 Ancient Protector
32:53 Ancient Protector
» items
parastaennen.fi (
teal | 108 APM | 3564 actions | 32:54)
4 Blood Mage
2 Flame Strike
2 Siphon Mana
3 Mountain King
2 Storm Bolt
1 Bash
2 Paladin
1 Holy Light
1 Divine Shield
» actions
| Assign group hotkey | 222 | |
| Basic commands | 1 | |
| Build / train | 180 | |
| Enter build submenu | 126 | |
| Enter hero's abilities submenu | 9 | |
| Right click | 1542 | |
| Select / deselect | 471 | |
| Select group hotkey | 685 | |
| Use ability | 328 | |
3564 total
» units
» upgrades
| Masonry | 3 | |
| Lumber Harvesting | 2 | |
| Magic Sentry | 1 | |
6 total
» buildings
| Lumber Mill | 1 | |
| Altar of Kings | 1 | |
| Farm | 8 | |
| Scout Tower | 165 | |
| Arcane Tower | 5 | |
| Guard Tower | 90 | |
| Keep | 3 | |
| Arcane Vault | 5 | |
| Castle | 1 | |
| Town Hall | 3 | |
| Arcane Sanctum | 1 | |
283 total
» build order
00:12 Lumber Mill
00:20 Altar of Kings
00:35 Farm
00:51 Scout Tower
01:16 Farm
01:21 Arcane Tower
01:32 Scout Tower
02:03 Scout Tower
02:06 Arcane Tower
02:07 Scout Tower
02:34 Guard Tower
02:36 Scout Tower
02:37 Scout Tower
02:41 Scout Tower
02:49 Guard Tower
03:08 Guard Tower
03:25 Guard Tower
03:29 Scout Tower
03:40 Guard Tower
03:40 Guard Tower
03:40 Guard Tower
03:44 Scout Tower
03:57 Guard Tower
03:57 Guard Tower
03:57 Guard Tower
04:04 Scout Tower
04:26 Guard Tower
04:27 Scout Tower
04:30 Scout Tower
04:33 Scout Tower
04:39 Guard Tower
04:41 Scout Tower
04:58 Guard Tower
05:02 Scout Tower
05:04 Guard Tower
05:06 Scout Tower
05:08 Scout Tower
05:13 Guard Tower
05:15 Scout Tower
05:18 Scout Tower
05:19 Scout Tower
05:29 Guard Tower
05:31 Scout Tower
06:02 Guard Tower
06:04 Scout Tower
06:06 Scout Tower
06:09 Guard Tower
06:15 Guard Tower
06:27 Scout Tower
06:31 Scout Tower
06:36 Guard Tower
06:40 Guard Tower
06:47 Scout Tower
06:50 Scout Tower
06:58 Guard Tower
07:05 Guard Tower
07:17 Scout Tower
07:36 Keep
07:36 Keep
07:36 Keep
07:43 Guard Tower
07:43 Guard Tower
07:47 Scout Tower
07:57 Scout Tower
07:59 Guard Tower
08:03 Guard Tower
08:03 Guard Tower
08:08 Scout Tower
08:12 Scout Tower
08:16 Guard Tower
08:16 Guard Tower
08:17 Guard Tower
08:20 Scout Tower
08:30 Guard Tower
08:50 Guard Tower
09:01 Guard Tower
09:02 Scout Tower
09:03 Arcane Vault
09:25 Scout Tower
09:32 Guard Tower
09:36 Scout Tower
09:49 Arcane Vault
09:55 Guard Tower
09:58 Scout Tower
10:25 Guard Tower
10:26 Guard Tower
10:28 Scout Tower
11:16 Guard Tower
11:18 Scout Tower
12:03 Guard Tower
12:04 Scout Tower
12:09 Scout Tower
12:37 Castle
12:54 Town Hall
13:06 Guard Tower
13:10 Guard Tower
13:11 Scout Tower
13:15 Scout Tower
13:16 Scout Tower
13:40 Guard Tower
13:50 Guard Tower
14:12 Guard Tower
14:21 Scout Tower
14:22 Scout Tower
15:14 Arcane Sanctum
15:18 Guard Tower
15:53 Scout Tower
15:53 Guard Tower
15:54 Guard Tower
16:19 Scout Tower
16:25 Guard Tower
16:27 Scout Tower
16:28 Scout Tower
16:46 Scout Tower
16:56 Guard Tower
16:57 Scout Tower
16:58 Scout Tower
16:59 Scout Tower
17:22 Guard Tower
17:24 Scout Tower
17:29 Scout Tower
17:30 Scout Tower
17:31 Scout Tower
17:32 Scout Tower
17:33 Scout Tower
17:52 Guard Tower
18:11 Town Hall
18:16 Scout Tower
18:18 Scout Tower
18:19 Scout Tower
18:20 Scout Tower
18:21 Scout Tower
18:24 Guard Tower
18:26 Arcane Vault
18:29 Guard Tower
18:32 Farm
18:33 Farm
18:35 Farm
19:01 Guard Tower
19:39 Scout Tower
19:41 Scout Tower
19:44 Scout Tower
19:46 Scout Tower
19:48 Scout Tower
19:50 Scout Tower
19:53 Scout Tower
19:55 Scout Tower
19:57 Scout Tower
19:59 Scout Tower
20:02 Scout Tower
20:05 Guard Tower
20:07 Guard Tower
20:08 Scout Tower
20:09 Scout Tower
20:10 Scout Tower
20:10 Scout Tower
20:11 Scout Tower
20:13 Guard Tower
20:21 Scout Tower
20:22 Scout Tower
20:23 Scout Tower
20:24 Scout Tower
20:39 Scout Tower
20:41 Scout Tower
20:42 Scout Tower
20:43 Scout Tower
21:04 Guard Tower
21:08 Scout Tower
21:09 Scout Tower
21:09 Scout Tower
21:11 Scout Tower
21:12 Scout Tower
21:13 Scout Tower
21:17 Guard Tower
21:30 Arcane Tower
21:39 Scout Tower
21:42 Guard Tower
21:49 Scout Tower
21:51 Scout Tower
21:53 Scout Tower
22:02 Scout Tower
22:13 Guard Tower
22:29 Guard Tower
22:31 Scout Tower
22:56 Guard Tower
22:58 Scout Tower
23:33 Farm
23:34 Farm
23:48 Guard Tower
23:49 Farm
23:57 Scout Tower
23:58 Scout Tower
23:58 Scout Tower
24:00 Scout Tower
24:02 Scout Tower
24:02 Scout Tower
24:03 Scout Tower
24:09 Town Hall
24:16 Scout Tower
24:18 Scout Tower
24:19 Scout Tower
24:20 Scout Tower
24:21 Scout Tower
24:21 Scout Tower
24:22 Scout Tower
24:23 Scout Tower
24:24 Scout Tower
24:25 Scout Tower
24:28 Arcane Tower
24:37 Guard Tower
24:49 Scout Tower
24:50 Scout Tower
24:51 Scout Tower
24:52 Scout Tower
24:52 Scout Tower
24:54 Scout Tower
24:55 Scout Tower
24:56 Scout Tower
24:58 Scout Tower
24:59 Scout Tower
25:01 Scout Tower
25:01 Scout Tower
25:02 Scout Tower
25:03 Scout Tower
25:04 Scout Tower
25:04 Scout Tower
25:05 Scout Tower
25:06 Scout Tower
25:06 Scout Tower
25:07 Scout Tower
25:09 Guard Tower
25:14 Arcane Tower
25:15 Arcane Vault
25:27 Guard Tower
25:29 Guard Tower
25:34 Scout Tower
25:35 Scout Tower
25:36 Scout Tower
25:37 Scout Tower
25:37 Scout Tower
25:38 Scout Tower
25:54 Guard Tower
26:40 Guard Tower
27:00 Guard Tower
27:16 Guard Tower
27:34 Scout Tower
27:36 Scout Tower
27:37 Scout Tower
27:38 Scout Tower
27:39 Scout Tower
27:40 Scout Tower
27:40 Scout Tower
27:41 Scout Tower
27:43 Scout Tower
27:43 Scout Tower
27:44 Scout Tower
27:45 Scout Tower
27:46 Scout Tower
27:46 Scout Tower
27:50 Guard Tower
28:34 Guard Tower
28:40 Scout Tower
28:41 Scout Tower
28:42 Scout Tower
28:43 Scout Tower
28:43 Scout Tower
28:44 Scout Tower
28:47 Arcane Vault
29:29 Guard Tower
29:35 Guard Tower
30:29 Guard Tower
30:43 Guard Tower
30:50 Guard Tower
30:51 Guard Tower
31:16 Guard Tower
31:24 Guard Tower
32:30 Guard Tower
32:34 Guard Tower
» items
| Healing Salve | 2 | |
| Scroll of Regeneration | 6 | |
| Potion of Healing | 4 | |
| Orb of Lightning | 1 | |
| Scroll of Town Portal | 4 | |
| Staff of Sanctuary | 3 | |
20 total
team 2 (loser)
Elvenhunter (
blue | 37 APM | 1201 actions | 32:53)
4 Mountain King
2 Storm Bolt
2 Thunder Clap
1 Paladin
1 Devotion Aura
» actions
| Assign group hotkey | 3 | |
| Basic commands | 4 | |
| Build / train | 75 | |
| Enter build submenu | 29 | |
| Enter hero's abilities submenu | 6 | |
| Remove unit from queue | 3 | |
| Right click | 637 | |
| Select / deselect | 347 | |
| Select group hotkey | 21 | |
| Use ability | 76 | |
1201 total
» units
| Peasant | 18 | |
| Footman | 8 | |
| Rifleman | 11 | |
| Mortar Team | 2 | |
| Siege Engine | 5 | |
| Gryphon Rider | 3 | |
| Dragonhawk Rider | 3 | |
50 total
» upgrades
| Gunpowder | 2 | |
| Lumber Harvesting | 2 | |
| Plating | 1 | |
| Barrage | 1 | |
6 total
» buildings
| Altar of Kings | 1 | |
| Barracks | 2 | |
| Farm | 11 | |
| Blacksmith | 1 | |
| Keep | 1 | |
| Arcane Vault | 1 | |
| Workshop | 3 | |
| Lumber Mill | 1 | |
| Castle | 1 | |
| Town Hall | 1 | |
| Gryphon Aviary | 3 | |
| Tree of Life | 1 | |
27 total
» build order
00:11 Altar of Kings
00:25 Barracks
00:40 Farm
00:54 Farm
01:41 Farm
02:25 Blacksmith
03:26 Farm
04:37 Barracks
04:39 Farm
04:41 Keep
05:17 Farm
06:09 Farm
06:17 Farm
07:03 Arcane Vault
07:05 Farm
07:52 Workshop
08:00 Lumber Mill
08:23 Workshop
10:46 Castle
12:19 Workshop
15:52 Town Hall
16:51 Farm
16:54 Farm
22:49 Gryphon Aviary
22:57 Gryphon Aviary
23:03 Gryphon Aviary
27:26 Tree of Life
» items
| Lesser Clarity Potion | 2 | |
| Orb of Fire | 1 | |
| Scroll of Regeneration | 2 | |
| Potion of Healing | 2 | |
7 total
furlog (
red | 43 APM | 1113 actions | 25:42)
2 Demon Hunter
1 Mana Burn
1 Immolation
2 Keeper of the Grove
1 Entangling Roots
1 Force of Nature
» actions
| Basic commands | 7 | |
| Build / train | 60 | |
| Enter build submenu | 20 | |
| Enter hero's abilities submenu | 5 | |
| Remove unit from queue | 3 | |
| Right click | 551 | |
| Select / deselect | 423 | |
| Use ability | 44 | |
1113 total
» units
| Wisp | 14 | |
| Archer | 6 | |
| Huntress | 4 | |
| Dryad | 5 | |
| Glaive Thrower | 13 | |
| Forest Troll Shadow Priest | 1 | |
| Hippogryph | 3 | |
46 total
» upgrades
» buildings
| Altar of Elders | 1 | |
| Moon Well | 9 | |
| Ancient of War | 2 | |
| Hunter's Hall | 1 | |
| Tree of Ages | 1 | |
| Ancient of Lore | 2 | |
| Tree of Eternity | 1 | |
| Ancient of Wind | 1 | |
18 total
» build order
00:09 Altar of Elders
00:19 Moon Well
00:30 Ancient of War
01:40 Moon Well
02:23 Hunter's Hall
02:40 Moon Well
03:44 Tree of Ages
05:05 Moon Well
06:46 Ancient of Lore
07:04 Moon Well
07:20 Ancient of Lore
07:58 Moon Well
09:35 Moon Well
11:09 Ancient of War
12:16 Moon Well
17:11 Moon Well
18:34 Tree of Eternity
18:38 Ancient of Wind

»
SkyServer87 (
purple | 55 APM | 1793 actions | 32:44)
5 Death Knight
3 Death Coil
2 Unholy Aura
3 Lich
2 Frost Nova
1 Frost Armor
» actions
| Assign group hotkey | 52 | |
| Basic commands | 17 | |
| Build / train | 93 | |
| ESC pressed | 1 | |
| Enter build submenu | 26 | |
| Enter hero's abilities submenu | 9 | |
| Remove unit from queue | 1 | |
| Right click | 604 | |
| Select / deselect | 425 | |
| Select group hotkey | 486 | |
| Use ability | 76 | |
1793 total
» units
| Acolyte | 9 | |
| Ghoul | 14 | |
| Crypt Fiend | 6 | |
| Necromancer | 12 | |
| Banshee | 2 | |
| Meatwagon | 1 | |
| Abomination | 12 | |
| Obsidian Statue | 1 | |
| Gargoyle | 4 | |
61 total
» upgrades
| Web | 1 | |
| Creature Attack | 2 | |
| Skeletal Longevity | 1 | |
| Necromancer Training | 2 | |
| Banshee Training | 2 | |
| Ghoul Frenzy | 1 | |
| Skeletal Mastery | 1 | |
| Disease Cloud | 1 | |
| Unholy Strength | 1 | |
12 total
» buildings
| Crypt | 2 | |
| Ziggurat | 11 | |
| Altar of Darkness | 1 | |
| Graveyard | 1 | |
| Nerubian Tower | 2 | |
| Tomb of Relics | 1 | |
| Halls of the Dead | 1 | |
| Spirit Tower | 5 | |
| Temple of the Damned | 1 | |
| Slaughterhouse | 1 | |
| Black Citadel | 1 | |
| Sacrificial Pit | 1 | |
28 total
» build order
00:09 Crypt
00:13 Ziggurat
00:36 Altar of Darkness
01:01 Graveyard
01:27 Ziggurat
01:37 Nerubian Tower
02:12 Crypt
03:05 Ziggurat
03:40 Tomb of Relics
03:56 Ziggurat
04:51 Nerubian Tower
05:50 Ziggurat
06:54 Halls of the Dead
07:52 Ziggurat
08:57 Spirit Tower
09:39 Temple of the Damned
09:56 Slaughterhouse
12:42 Black Citadel
19:09 Ziggurat
19:12 Spirit Tower
19:14 Spirit Tower
23:47 Sacrificial Pit
24:15 Ziggurat
24:17 Ziggurat
25:17 Spirit Tower
25:18 Spirit Tower
30:46 Ziggurat
30:47 Ziggurat
Terminator_16 (
yellow | 16 APM | 398 actions | 25:33)
1 Blademaster
1 Wind Walk
» actions
| Assign group hotkey | 3 | |
| Build / train | 54 | |
| Enter build submenu | 16 | |
| Enter hero's abilities submenu | 1 | |
| Right click | 141 | |
| Select / deselect | 166 | |
| Select group hotkey | 1 | |
| Use ability | 16 | |
398 total
» units
| Peon | 7 | |
| Grunt | 2 | |
| Wind Rider | 20 | |
| Demolisher | 3 | |
| Troll Headhunter/Berserker | 19 | |
51 total
» buildings
| Altar of Storms | 1 | |
| Orc Burrow | 6 | |
| Barracks | 1 | |
| War Mill | 1 | |
| Stronghold | 1 | |
| Beastiary | 2 | |
| Watch Tower | 2 | |
14 total
» build order
00:09 Altar of Storms
00:14 Orc Burrow
00:42 Barracks
01:39 War Mill
03:41 Stronghold
03:57 Orc Burrow
06:31 Beastiary
06:57 Beastiary
08:08 Orc Burrow
09:13 Orc Burrow
10:11 Orc Burrow
13:24 Orc Burrow
17:08 Watch Tower
18:48 Watch Tower
Chat log
(00:43 / Allies) nutsonYOchin.de: 40 lum shit breadth
(07:28 / All) SkyServer87: nice
(07:34 / All) SkyServer87: @ green
(11:23 / All) Terminator_16: noobs
(11:31 / All) iNT]DOGANDHORSE: your teammates & you? yes
(11:32 / All) Terminator_16: fucker
(11:36 / All) AlasPoorYorick: bow?
(11:43 / All) Terminator_16: you biatch
(11:47 / All) iNT]DOGANDHORSE: from?
(11:49 / All) iNT]DOGANDHORSE: england?
(11:50 / All) iNT]DOGANDHORSE: germany?
(11:53 / All) Terminator_16: deine mutter
(12:18 / All) Terminator_16: oder dein vater
(12:40 / All) Terminator_16: 1
(20:32 / All) SkyServer87: ^^
(20:46 / All) parastaennen.fi: u noob purp?
(20:47 / All) parastaennen.fi: Leave
(21:11 / All) Terminator_16: tower noob
(23:04 / All) parastaennen.fi: noob purp?
(23:11 / All) Terminator_16: you
(23:14 / All) parastaennen.fi: lmao
(23:42 / All) parastaennen.fi: lol noobs
(23:46 / All) iNT]DOGANDHORSE: wow you are BAD
(23:47 / All) iNT]DOGANDHORSE: AT
(23:48 / All) iNT]DOGANDHORSE: WAR
(23:49 / All) iNT]DOGANDHORSE: 3
(23:54 / All) Terminator_16: and you a motherfucker
(23:59 / All) iNT]DOGANDHORSE: maybe im too mean
(24:07 / All) iNT]DOGANDHORSE: you should play the campaign 9 or 10 times
(24:10 / All) iNT]DOGANDHORSE: :)
(24:10 / All) AlasPoorYorick: bow?
(24:15 / All) Terminator_16: lol
(24:22 / All) Terminator_16: tower noobs
(24:28 / All) iNT]DOGANDHORSE: what a matter
(24:30 / All) iNT]DOGANDHORSE: can't kill a tower?
(24:31 / All) furlog: I don't remaiber the last time did you suvk
(25:24 / All) parastaennen.fi: noobs
(25:36 / All) iNT]DOGANDHORSE: WOW
(25:37 / All) iNT]DOGANDHORSE: WOW
(25:39 / All) iNT]DOGANDHORSE: WOW
(25:40 / All) iNT]DOGANDHORSE: OWOWOWOWOOWO
(25:40 / All) iNT]DOGANDHORSE: OW
(25:41 / All) iNT]DOGANDHORSE: WO
(25:41 / All) iNT]DOGANDHORSE: W
(25:41 / All) iNT]DOGANDHORSE: OWO
(25:42 / All) iNT]DOGANDHORSE: OWO
(25:42 / All) iNT]DOGANDHORSE: OWO
(25:42 / All) iNT]DOGANDHORSE: O
(25:42 / All) iNT]DOGANDHORSE: W
(25:43 / All) iNT]DOGANDHORSE: OW
(25:43 / All) iNT]DOGANDHORSE: OO
(25:44 / All) iNT]DOGANDHORSE: OWO
(25:44 / All) iNT]DOGANDHORSE: OO
(25:44 / All) iNT]DOGANDHORSE: WO
(25:45 / All) iNT]DOGANDHORSE: WO
(25:45 / All) iNT]DOGANDHORSE: WO
(25:45 / All) iNT]DOGANDHORSE: WO
(25:46 / All) iNT]DOGANDHORSE: OWO
(25:46 / All) iNT]DOGANDHORSE: OW
(25:47 / All) iNT]DOGANDHORSE: WO
(25:47 / All) iNT]DOGANDHORSE: WO
(25:48 / All) iNT]DOGANDHORSE: WO
(25:48 / All) iNT]DOGANDHORSE: WO
(25:48 / All) iNT]DOGANDHORSE: WOW
(25:49 / All) iNT]DOGANDHORSE: W
(25:49 / All) iNT]DOGANDHORSE: OOW
(25:50 / All) iNT]DOGANDHORSE: OWO
(25:50 / All) iNT]DOGANDHORSE: W
(25:51 / All) iNT]DOGANDHORSE: !
(25:53 / All) iNT]DOGANDHORSE: !
(25:53 / All) iNT]DOGANDHORSE: !
(25:54 / All) iNT]DOGANDHORSE: !
(25:54 / All) iNT]DOGANDHORSE: !
(25:55 / All) iNT]DOGANDHORSE: !
(25:56 / All) iNT]DOGANDHORSE: !
(26:45 / All) parastaennen.fi: purp noob lol
(28:05 / All) parastaennen.fi: nol blue airnoob
(28:28 / All) parastaennen.fi: LOL purp noob
(28:33 / All) parastaennen.fi: Owned again..
(28:54 / All) iNT]DOGANDHORSE: hey noobs
(28:55 / All) iNT]DOGANDHORSE: hey noobs
(28:56 / All) iNT]DOGANDHORSE: QUIT
(30:03 / All) parastaennen.fi: NOPE lol
(30:05 / All) parastaennen.fi: noob purp
(32:06 / All) parastaennen.fi: LOL purp noob
(32:07 / All) iNT]DOGANDHORSE: nice shackling
(32:09 / All) iNT]DOGANDHORSE: shitnoob blue
(32:10 / All) parastaennen.fi: nice waste of time
(32:16 / All) iNT]DOGANDHORSE: TY For free win
(32:16 / All) parastaennen.fi: damn you guys suck
(32:20 / All) iNT]DOGANDHORSE: thanks for not even killing a tower